 Dungeon Crawl Stone Soup version 0.32-a0-571-gec57dfcd37 (webtiles) character file.

Game seed: 3108813168314484748

375730 pisaster the Tortoise (level 22, -17/194 HPs)
             Began as a Gnoll Conjurer on Mar 1, 2024.
             Was the Champion of Vehumet.
             Killed by the air
             ... invoked by a titan
              (39 damage)
             ... on level 5 of the Vaults.
             The game lasted 04:11:02 (57988 turns).

pisaster the Tortoise (Gnoll Conjurer)             Turns: 57988, Time: 04:11:02

Health: -17/194    AC: 26    Str: 11    XL:     22   Next: 77%
Magic:  29/51      EV: 20    Int: 29    God:    Vehumet [******]
Gold:   5861       SH:  0    Dex: 18    Spells: 6/53 levels left

rFire   . . .        l - staff of Ijaurr {rElec rPois Will++ Int-2 Conj}
rCold   + + .        Y - orb of Ratymeuc {light, Str+3 Dex+5 Slay+3}
rNeg    . . .        S - +5 ring mail "Teugief" {rC+ Int+2}
rPois   +            M - +2 helmet {Int+3}
rElec   +            N - +2 cloak {rC+}
rCorr   .            E - +0 pair of gloves
SInv    .            s - +1 pair of boots
Will    +++..        w - amulet of magic regeneration
Stlth   +++          X - ring of wizardry
HPRegen 0.52/turn    K - ring "Metehy" {rPois MP+9 Int+3}
MPRegen 0.72/turn

%: wizardry (x1)
@: very slightly contaminated, glowing, studying 2 skills
A: fangs 1, strong nose, distributed training, dopey 1, poison resistance,
robust 1
}: 2/15 runes: barnacled, gossamer
a: Renounce Religion


You were on level 5 of the Vaults.
You worshipped Vehumet.
Vehumet was exalted by your worship.
You visited 7 branches of the dungeon, and saw 38 of its levels.
You also visited: Sewer, Gauntlet and Ice Cave.

You collected 7218 gold pieces.
You spent 1357 gold pieces at shops.

Inventory:

Hand Weapons
 Z - the +9 spear of the Sharing Gods {heavy, Will+ Int+3}
   (You took it off a merfolk impaler on level 4 of the Shoals)

   Int+3:     It affects your intelligence (+3).
   Will+:     It increases your willpower.
Missiles
 n - 4 throwing nets
 q - 7 curare-tipped darts
Armour
 s - a +1 pair of boots (worn)
 E - a +0 pair of gloves (worn)
 M - a +2 helmet of intelligence (worn)
 N - a +2 cloak of cold resistance (worn)
 S - the +5 ring mail "Teugief" (worn) {rC+ Int+2}
   (You found it on level 13 of the Dungeon)

   Int+2:     It affects your intelligence (+2).
   rC+:       It protects you from cold.
 Y - the orb of Ratymeuc (worn) {light, Str+3 Dex+5 Slay+3}
   (You found it on level 9 of the Dungeon)

   Str+3:     It affects your strength (+3).
   Dex+5:     It affects your dexterity (+5).
   Slay+3:    It affects your accuracy & damage with ranged weapons and melee
   (+3).
Magical Staves
 l - the staff of Ijaurr (weapon) {rElec rPois Will++ Int-2 Conj}
   (You found it on level 3 of the Elven Halls)

   [staff of conjuration]

   Base accuracy: +5 Base damage: 5 Base attack delay: 1.2 This weapon's minimum
   attack delay (0.6) is reached at skill level 12.
   Int-2:     It affects your intelligence (-2).
   rElec:     It insulates you from electricity.
   rPois:     It protects you from poison Will++: It greatly increases your
   willpower.
   Conj:      It increases the power of your Conjurations spells.
   It falls into the 'Staves' category.
   It is a one-handed weapon.
 O - the staff "Dragonbane" {Str+3 Int+2 SInv Earth}
   (You found it on level 3 of the Elven Halls)

   [staff of earth]

   Base accuracy: +5 Base damage: 5 Base attack delay: 1.2 This weapon's minimum
   attack delay (0.6) is reached at skill level 12.
   Str+3:     It affects your strength (+3).
   Int+2:     It affects your intelligence (+2).
   SInv:      It lets you see invisible.
   Earth:     It increases the power of your Earth spells.
   It falls into the 'Staves' category.
   It is a one-handed weapon.
Jewellery
 a - a +6 ring of intelligence
 w - an amulet of magic regeneration (around neck)
 z - a +5 ring of evasion
 G - a ring of willpower
 K - the ring "Metehy" (right hand) {rPois MP+9 Int+3}
   (You found it in an ice cave)

   [ring of magical power]

   Int+3:     It affects your intelligence (+3).
   rPois:     It protects you from poison MP+9: It affects your magic capacity
   (+9).
 X - a ring of wizardry (left hand)
Wands
 d - a wand of polymorph (48)
 r - a wand of mindburst (63)
 H - a wand of digging (14)
 J - a wand of quicksilver (60)
 V - a wand of charming (46)
 W - a wand of warping (27)
Scrolls
 c - 6 scrolls of revelation
 e - 6 scrolls of teleportation
 h - 7 scrolls of noise
 k - 7 scrolls of fog
 m - 3 scrolls of poison
 o - 5 scrolls of fear
 t - 6 scrolls of immolation
 y - a scroll of summoning
 A - 7 scrolls of blinking
 I - 5 scrolls of vulnerability
Potions
 b - 6 potions of magic
 f - 5 potions of invisibility
 g - 7 potions of haste
 i - 6 potions of heal wounds
 j - 10 potions of resistance
 p - 18 potions of curing
 u - 4 potions of berserk rage
 v - a potion of enlightenment
 x - 3 potions of cancellation
 B - 6 potions of lignification
 L - 3 potions of ambrosia
 Q - 3 potions of brilliance
 R - 3 potions of mutation
 T - 2 potions of attraction
Miscellaneous
 C - a phial of floods
 D - a box of beasts
 F - a condenser vane
 P - a phantom mirror
 U - a lightning rod (4/4)


   Skills:
 + Level 15.7 Fighting
 + Level 15.7 Short Blades
 + Level 15.7 Long Blades
 + Level 15.7 Axes
 + Level 15.7 Maces & Flails
 + Level 15.7 Polearms
 + Level 15.7 Staves
 + Level 15.7 Ranged Weapons
 + Level 15.7 Throwing
 + Level 17.4 Armour
 + Level 16.3 Dodging
 + Level 16.2 Stealth
 + Level 16.2 Shields
 + Level 15.7 Unarmed Combat
 + Level 16.4 Spellcasting
 + Level 15.0 Conjurations
 + Level 13.4 Hexes
 + Level 13.4 Summonings
 + Level 13.4 Necromancy
 + Level 13.4 Translocations
 + Level 13.4 Fire Magic
 + Level 13.4 Ice Magic
 + Level 13.4 Air Magic
 + Level 13.4 Earth Magic
 + Level 13.4 Alchemy
 + Level 17.1 Invocations
 + Level 15.7 Evocations
 + Level 14.5 Shapeshifting


You had 6 spell levels left.
You knew the following spells:

 Your Spells              Type           Power      Damage    Failure   Level
a - Magic Dart            Conj           100%       1d8       0%          1
b - Lehudib's Crystal Sp  Conj/Erth      51%        10d12     7%          8
c - Ignition              Fire           40%        3d12      9%          8
d - Ignite Poison         Fire/Alch      80%        N/A       1%          4
e - Iskenderun's Mystic   Conj/Tloc      100%       2d19      1%          4
f - Irradiate             Conj/Alch      51%        3d28      1%          5
h - Olgreb's Toxic Radia  Alch           80%        N/A       1%          4
i - Bombard               Conj/Erth      51%        9d9       1%          6
j - Sublimation of Blood  Necr           80%        N/A       0%          2
k - Arcjolt               Conj/Air       51%        1d61      1%          5

Your spell library contained the following spells:

 Spells                   Type           Power      Damage    Failure   Level
 Chain Lightning          Conj/Air       51%        3d68      58%         9
 Shatter                  Erth           40%        3d31*     69%         9
 Apportation              Tloc           100%       N/A       0%          1
 Freeze                   Ice            100%       1d10      0%          1
 Necrotise                Necr           100%       1d9       0%          1
 Sandblast                Erth           100%       2d20      0%          1
 Sting                    Conj/Alch      100%       1d9       0%          1
 Summon Small Mammal      Summ           100%       N/A       0%          1
 Blink                    Tloc           100%       N/A       0%          2
 Call Imp                 Summ           100%       N/A       0%          2
 Cigotuvi's Dreadful Rot  Necr/Alch/Air  100%       N/A       0%          2
 Ensorcelled Hibernation  Hex/Ice        100%       N/A       0%          2
 Lesser Beckoning         Tloc           100%       N/A       0%          2
 Mercury Vapours          Alch/Air       100%       N/A       0%          2
 Momentum Strike          Conj/Tloc      100%       3d10      0%          2
 Scorch                   Fire           100%       2d9       0%          2
 Searing Ray              Conj           100%       2d8       0%          2
 Dazzling Flash           Conj/Hex       100%       N/A       0%          3
 Hailstorm                Conj/Ice       100%       3d16      0%          3
 Mephitic Cloud           Conj/Alch/Air  100%       N/A       0%          3
 Stone Arrow              Conj/Erth      100%       3d13      0%          3
 Call Canine Familiar     Summ           80%        N/A       1%          3
 Frozen Ramparts          Ice            100%       1d16      1%          3
 Fugue of the Fallen      Necr           80%        N/A       1%          3
 Ozocubu's Armour         Ice            80%        N/A       1%          3
 Passwall                 Erth           80%        N/A       1%          3
 Sigil of Binding         Hex            80%        N/A       1%          3
 Summon Ice Beast         Ice/Summ       80%        N/A       1%          3
 Swiftness                Air            80%        N/A       1%          3
 Tukima's Dance           Hex            80%        N/A       1%          3
 Vampiric Draining        Necr           80%        2d11      1%          3
 Volatile Blastmotes      Fire/Tloc      100%       2d18      1%          3
 Anguish                  Hex/Necr       40%        N/A       1%          4
 Animate Armour           Summ/Erth      100%       N/A       1%          4
 Brom's Barrelling Bould  Conj/Erth      100%       2d11      1%          4
 Cause Fear               Hex            40%        N/A       1%          4
 Dimensional Bullseye     Hex/Tloc       40%        N/A       1%          4
 Dispel Undead            Necr           80%        3d26      1%          4
 Flame Wave               Conj/Fire      100%       2d21      1%          4
 Fulminant Prism          Conj/Alch      51%        3d22      1%          4
 Manifold Assault         Tloc           80%        N/A       1%          4
 Martyr's Knell           Necr/Summ      80%        N/A       1%          4
 Petrify                  Alch/Erth      80%        N/A       1%          4
 Sticky Flame             Fire/Alch      80%        2d12      1%          4
 Summon Blazeheart Golem  Fire/Summ      80%        N/A       1%          4
 Summon Lightning Spire   Summ/Air       80%        N/A       1%          4
 Curse of Agony           Necr           80%        N/A       1%          5
 Fireball                 Conj/Fire      51%        3d20      1%          5
 Freezing Cloud           Conj/Ice/Air   51%        6-21      1%          5
 Iskenderun's Battlesphe  Conj           100%       2d15      1%          5
 Lee's Rapid Deconstruct  Erth           40%        3d20*     1%          5
 Silence                  Hex/Air        40%        N/A       1%          5
 Conjure Ball Lightning   Conj/Air       51%        3x3d18    1%          6
 Death Channel            Necr           40%        N/A       1%          6
 Sculpt Simulacrum        Ice/Alch       40%        N/A       1%          6
 Starburst                Conj/Fire      51%        6d14      1%          6
 Summon Cactus Giant      Summ           40%        N/A       1%          6
 Orb of Destruction       Conj           52%        9d13      1%          7
 Ozocubu's Refrigeration  Ice            40%        4d16      1%          7
 Spellforged Servitor     Conj/Summ      51%        N/A       1%          7
 Enfeeble                 Hex            40%        N/A       4%          7
 Summon Hydra             Summ           40%        N/A       4%          7
 Maxwell's Capacitive Co  Air            40%        ∞         9%          8
 Polar Vortex             Ice            40%        12d5*     69%         9
 Dragon's Call            Summ           40%        N/A       99%         9


Dungeon Overview and Level Annotations

Branches:
Dungeon (15/15)            Temple (0/1) D:7            Lair (5/5) D:8
 Shoals (4/4) Lair:3       Spider (4/4) Lair:3        Slime (0/5) Lair:5
    Orc (2/2) D:9             Elf (3/3) Orc:2        Vaults (5/5) D:13
  Crypt (0/3) Vaults:3     Depths (0/4) D:15          Sewer (visited)
  IceCv (visited)         Gauntlet (visited)

Altars:
Dithmenos
Elyvilon
Fedhas
Gozag
Nemelex Xobeh
Okawaru
Qazlal
Ru
Trog
Uskayaw
Vehumet
Yredelemnul
The Shining One
Beogh
Jiyva

Shops:
D:1 (   D:3 *[(*   D:10 !   D:12 =   Orc:2 [??[(=![   Shoals:4 *
Vaults:1 [:[*[   Vaults:4 **

Annotations:
Spider:2 +8 sds
Spider:4 good orb
Elf:1 ForkInBrain's ghost, adept MDFi
Elf:2 5 runed translucent doors
Vaults:1 harm+elec+rn helm
Vaults:2 2 transporters, exclusion: obsidian statue
Vaults:3 good orb, 1 runed translucent door, Konionua's ghost, adept KoEn


Innate Abilities, Weirdness & Mutations

You have very sharp teeth.
Your uncanny sense of smell can sniff out nearby items.
Your experience applies equally to all skills.
You are dopey. (Int -2)
Your system is resistant to poisons. (rPois)
You are robust. (+10% HP)


Message History

The sphinx is moderately wounded.
The fireball engulfs the golden dragon!
The golden dragon resists.
The golden dragon is severely wounded.
The fireball engulfs the anaconda!!
The anaconda is moderately wounded.
The fireball engulfs the war gargoyle but does no damage.
The war gargoyle is heavily damaged.
The fireball engulfs the tengu reaver.
The tengu reaver is lightly wounded.
The fireball engulfs the deep elf high priest!!
You kill the deep elf high priest!
You feel your power returning.
The fireball engulfs the two-headed ogre!
The two-headed ogre is almost dead.
The fireball engulfs the shadow dragon!
The shadow dragon is almost dead.
The fireball engulfs something!
The fireball engulfs the war gargoyle but does no damage.
The war gargoyle is heavily damaged.
The fireball engulfs the two-headed ogre!
You kill the two-headed ogre!
You feel your power returning.
The fireball engulfs the golden dragon but does no damage.
The golden dragon is severely wounded.
The fireball engulfs the war gargoyle but does no damage.
The war gargoyle is heavily damaged.
The fireball engulfs the war gargoyle!
The war gargoyle resists.
The war gargoyle is heavily damaged.
The fireball engulfs the tengu reaver!!
The tengu reaver is moderately wounded.
You hear a shout!
You hear two shouts!
An eye of devastation comes into view.
An ettin comes into view. It is wielding two +0 dire flails.
A two-headed ogre comes into view.
It is wielding a +0 dire flail and a +0 giant club.
The deep elf demonologist mumbles some strange words.
Casting: Ignition (dangerous; 9% risk of failure)
Confirm with . or Enter, or press ? or * to list all spells.
You feel a surge of power!
You erupt in a blast of force!
The mystic blast hits the ogre mage.
The ogre mage is severely wounded.
The mystic blast hits the sphinx!
The sphinx is moderately wounded.
The mystic blast hits the golden dragon!
The golden dragon is severely wounded.
The golden dragon is knocked back by the mystic blast.
The mystic blast hits the war gargoyle but does no damage.
The war gargoyle is heavily damaged.
The anaconda changes into a sea snake!
The eye of devastation changes into a steelbarb worm!
The war gargoyle barely misses you.
A tengu reaver comes into view. It is wielding a +0 battleaxe.
Casting: Iskenderun's Mystic Blast (safe; 1% risk of failure)
Confirm with . or Enter, or press ? or * to list all spells.
You feel a surge of power!
You erupt in a blast of force!
The mystic blast hits the shadow dragon!!
You kill the shadow dragon!
The shadow dragon scales are intact enough to wear.
The mystic blast hits the tengu reaver!
The tengu reaver is heavily wounded.
The tengu reaver is knocked back by the mystic blast.
The tengu reaver collides with the Tzitzimitl!
The Tzitzimitl is lightly wounded.
The tengu reaver is heavily wounded.
The mystic blast hits the sphinx!!
The sphinx is severely wounded.
The sphinx is knocked back by the mystic blast.
The mystic blast hits the war gargoyle.
The war gargoyle is severely damaged.
The war gargoyle is knocked back by the mystic blast.
The war gargoyle collides with the tengu reaver!
The tengu reaver is severely wounded.
The war gargoyle is almost destroyed.
The sphinx mumbles some strange words.
Something smites you!
You hear some strange, mumbled words.
A bolt of magma appears from out of thin air!
The bolt of magma hits you but does no damage.
A vault guard comes into view.
It is wielding a +1 battleaxe and wearing a +0 chain mail of cold resistance.
An ironbound convoker comes into view. It is wielding a +0 great mace.
An iron dragon comes into view.
The Tzitzimitl calls on the powers of darkness!
The tengu reaver convulses!
The steelbarb worm convulses!
The ettin convulses!
The tengu reaver convulses!
The vault guard convulses!
The two-headed ogre convulses!
The golden dragon convulses!
The ironbound convoker convulses!
The deep elf demonologist convulses!
Your body is wracked with pain!
* * * LOW HITPOINT WARNING * * *
The sphinx convulses!
Your life force feels restored.
The golden dragon breathes cold at you.
The bolt of cold hits the war gargoyle!
The war gargoyle resists.
The war gargoyle is destroyed!
The bolt of cold misses you.
The tengu reaver points at you and mumbles some strange words.
The bolt of acid hits you!!
* * * LOW HITPOINT WARNING * * *
The deep elf demonologist gestures wildly while chanting.
The titan waves its arms in wide circles.
The air twists around and strikes you!!!
You die...

D#..#....#...
....#....#.(
).C...)...#
###...)....####
....O)))p......
...).)<<.......
...).<.)<).....
....))H@))[....
###..S)))).####
#....))...eO.#
#..#.)).#.D2.#
.)) #....#)Q1p.
). #....#


wQ.p . #....# C[# #....# .pO You could see an iron dragon, an ironbound
preserver, a titan, a golden dragon (catching breath), a Tzitzimitl (summoned),
a sphinx, 2 tengu reavers, a vault guard, a steelbarb worm shaped shifter, an
ettin, a sea snake shaped shifter, a two-headed ogre, an ogre mage (invisible),
a deep elf demonologist, a vault sentinel, an ironbound convoker, a tormentor
(summoned) and an ogre.

Vanquished Creatures
  Frederick (Vaults:3)
  A shard shrike (IceCv)
  Nikola (Spider:3)
  Arachne (Spider:2)
  Rupert (Lair:5)
  Jorgrun (Shoals:3)
  5 deep elf blademasters
  4 sphinxes
  2 deep elf master archers (Elf:3)
  Frances (D:12)
  A kraken (Shoals:4)
  2 tengu reavers (Vaults:5)
  2 shadow dragons (Vaults:5)
  The ghost of Stellion the Swashbuckler, an adept HuFi of Okawaru (Shoals:4)
  Roxanne (Spider:3)
  Donald (Spider:2)
  2 storm dragons (Vaults:5)
  Ilsuiw (Shoals:3)
  5 vault wardens
  3 deep elf elementalists (Elf:3)
  3 emperor scorpions
  9 deep elf sorcerers
  Louise (Elf:1)
  11 ironbound preservers
  2 ghost moths
  A formless jellyfish (Vaults:2)
  3 orc warlords
  A ghoul (Vaults:3)
  A broodmother (Spider:4)
  4 very ugly things (Vaults:3)
  The ghost of Vyshex the Spear-Bearer, a journeyman MfGl of Hepliaklqana (D:15)
  6 ironbound thunderhulks
  4 deep elf demonologists
  8 deep elf annihilators
  A minotaur (Gauntlet)
  A white draconian (IceCv)
  6 deep elf death magi (Elf:3)
  20 dire elephants
  2 eidola (Vaults:3)
  Snorg (Lair:5)
  5 merfolk javelineers (Shoals:4)
  11 merfolk impalers
  2 jiangshi (Vaults:3)
  3 ettins
  7 entropy weavers
  3 great orbs of eyes
  9 yaktaur captains
  29 vault guards
  7 deep elf high priests
  6 hydras
  An ice dragon (IceCv)
  A peacekeeper (Vaults:3)
  3 ogre magi
  4 radroaches
  5 catoblepae
  3 jorogumos (Spider:4)
  2 alligators (Shoals:1)
  7 merfolk avatars
  11 ironbound frosthearts
  12 death yaks
  28 centaur warriors
  7 two-headed ogres
  17 dancing weapons
  2 satyrs (Shoals:4)
  4 merfolk aquamancers
  A deep troll shaman (Lair:5)
  5 alligator snapping turtles
  10 boulder beetles
  An orc high priest (D:13)
  7 demonic crawlers
  8 death scarabs (Spider:4)
  10 deep elf knights
  A hell knight (D:15)
  A fire crab (Gauntlet)
  8 skysharks
  22 deep trolls
  8 pharaoh ants
  6 sea snakes
  A spectral jorogumo (Spider:4)
  9 orb spiders
  6 arcanists
  A sun moth (Spider:1)
  6 thermic dynamos
  25 harpies
  An obsidian statue (Shoals:4)
  15 orc knights
  15 ironbound convokers
  11 lindwurms
  6 deep elf archers
  4 steelbarb worms
  A phantasmal warrior (Vaults:3)
  16 deep elf zephyrmancers
  13 wolf spiders
  21 deep elf pyromancers
  An orange crystal statue (IceCv)
  3 cyclopes
  The ghost of shoop the Basher, a novice VSFi of Beogh (D:6)
  15 elephants
  6 orc sorcerers
  39 ugly things
  A cyclops (shapeshifter) (Vaults:5)
  18 manticores
  4 fauns
  5 moths of wrath
  9 meliai
  9 merfolk sirens
  3 kobold blastminers (Orc:2)
  5 water nymphs
  17 vault sentinels
  5 black mambas
  3 torpor snails
  2 molten gargoyles (Gauntlet)
  5 spectral redbacks (Spider:4)
  10 cane toads
  3 freezing wraiths
  20 rime drakes
  5 komodo dragons
  An unseen horror (D:12)
  2 unseen horror zombies (D:9)
  5 gargoyles
  2 redback zombies (Spider:4)
  28 yaktaurs
  A yaktaur (shapeshifter) (Elf:2)
  3 tengu conjurers (D:15)
  28 merfolk
  4 spectral jumping spiders (Spider:4)
  9 trolls
  20 polar bears
  A queen bee (Spider:2)
  6 wind drakes
  A spectral tarantella (Spider:4)
  6 blink frogs
  2 tarantella zombies (Spider:4)
  29 tarantellas
  A raiju (shapeshifter) (D:15)
  A jumping spider zombie (Spider:4)
  28 slime creatures
  18 jumping spiders
  5 shadows
  13 snapping turtles
  2 air elementals
  3 wyverns
  17 water elementals
  17 culicivoras
  34 yaks
  A hog (shapeshifter) (D:15)
  A wraith (D:14)
  5 fire elementals
  4 fire bats (Gauntlet)
  7 basilisks
  42 redbacks
  12 vampire mosquitoes
  2 wargs
  An acid dragon (D:10)
  12 water moccasins
  2 sky beasts (D:8)
  36 orc warriors
  An ice beast (D:7)
  3 black bears
  17 wolves
  5 ogres
  17 centaurs
  A phantom (D:5)
  A crocodile (Sewer)
  A brain worm (Sewer)
  4 kobold brigands
  A gnoll sergeant (D:11)
  15 bullfrogs
  A wyvern zombie (D:9)
  6 scorpions
  5 earth elementals
  3 wights (D:10)
  21 killer bees
  7 howler monkeys
  6 centaur zombies (D:9)
  2 bombardier beetles
  2 jellies
  5 hounds
  20 orc priests
  2 sleepcaps (D:6)
  18 orc wizards
  6 iguanas
  4 hell rats (Lair:5)
  A howler monkey zombie (D:9)
  10 gnolls
  10 adders
  3 river rats (Sewer)
  A shadow imp (D:8)
  2 white imps
  4 dart slugs
  4 ribbon worms
  88 orcs
  11 ball pythons
  10 endoplasms
  7 giant cockroaches
  6 goblins
  6 hobgoblins
  9 jackals
  12 kobolds
  6 quokkas
  9 bats
  5 frilled lizards
  12 rats
  2 tentacles (Shoals:4)
1544 creatures vanquished.

Vanquished Creatures (collateral kills)
  A deep elf demonologist (Elf:3)
  A deep elf annihilator (Elf:3)
  Sonja (Lair:5)
3 creatures vanquished.

Vanquished Creatures (others)
  A war gargoyle (Vaults:5)
  2 water elementals (Elf:1)
  73 fulminant prisms
  5 tentacles (Shoals:4)
81 creatures vanquished.

Grand Total: 1628 creatures vanquished

Notes
Turn   | Place    | Note
-------+----------+-------------------------------------------
     0 | D:1      | pisaster the Gnoll Conjurer began the quest for the Orb.
     0 | D:1      | Reached XP level 1. HP: 13/13 MP: 6/6
   146 | D:1      | Reached XP level 2. HP: 19/19 MP: 5/7
   149 | D:1      | Learned a level 2 spell: Searing Ray
   262 | D:1      | Found Guillin's Weapon Boutique.
   733 | D:1      | Reached skill level 5 in Spellcasting
   733 | D:1      | Reached XP level 3. HP: 25/25 MP: 5/9
  1267 | D:2      | Reached skill level 1 in Invocations
  1392 | D:2      | Reached skill level 1 in Fighting
  1392 | D:2      | Reached skill level 1 in Short Blades
  1392 | D:2      | Reached skill level 1 in Long Blades
  1392 | D:2      | Reached skill level 1 in Axes
  1392 | D:2      | Reached skill level 1 in Maces & Flails
  1392 | D:2      | Reached skill level 1 in Polearms
  1392 | D:2      | Reached skill level 1 in Staves
  1392 | D:2      | Reached skill level 1 in Ranged Weapons
  1392 | D:2      | Reached skill level 1 in Throwing
  1392 | D:2      | Reached skill level 1 in Armour
  1392 | D:2      | Reached skill level 1 in Shields
  1392 | D:2      | Reached skill level 1 in Unarmed Combat
  1392 | D:2      | Reached skill level 1 in Evocations
  1569 | D:2      | Found a faded altar of an unknown god.
  1614 | D:2      | Reached skill level 1 in Shapeshifting
  1614 | D:2      | Reached XP level 4. HP: 32/32 MP: 7/11
  1678 | D:2      | Reached skill level 1 in Hexes
  1678 | D:2      | Reached skill level 1 in Summonings
  1678 | D:2      | Reached skill level 1 in Necromancy
  1678 | D:2      | Reached skill level 1 in Translocations
  1678 | D:2      | Reached skill level 1 in Fire Magic
  1678 | D:2      | Reached skill level 1 in Ice Magic
  1678 | D:2      | Reached skill level 1 in Air Magic
  1678 | D:2      | Reached skill level 1 in Earth Magic
  1678 | D:2      | Reached skill level 1 in Alchemy
  2288 | D:3      | Found Otauc's General Store.
  2300 | D:3      | Bought a scroll of identify for 28 gold pieces
  2300 | D:3      | Bought a potion of degeneration for 14 gold pieces
  2329 | D:3      | Found a glowing drain.
  2444 | Sewer    | Entered a sewer
  2476 | Sewer    | Reached XP level 5. HP: 37/37 MP: 4/12
  2620 | Sewer    | Noticed a kobold brigand
  2624 | Sewer    | Noticed a kobold brigand
  2656 | Sewer    | Killed a kobold brigand
  2714 | Sewer    | Killed a kobold brigand
  2715 | Sewer    | Reached skill level 5 in Dodging
  2715 | Sewer    | Reached XP level 6. HP: 32/44 MP: 4/14
  3221 | Sewer    | Reached XP level 7. HP: 20/51 MP: 6/15
  4018 | D:3      | Found Masiroep's Armour Boutique.
  4070 | D:3      | Found Oxalir's Weapon Shoppe.
  4260 | D:3      | You fall into a shaft and drop 2 floors!
  4260 | D:5      | Entered Level 5 of the Dungeon
  4324 | D:4      | Reached skill level 5 in Stealth
  4667 | D:3      | Found Ederr's General Store.
  4835 | D:1      | Bought 4 curare-tipped darts for 57 gold pieces
  5020 | D:4      | Found a radiant altar of Vehumet.
  5028 | D:4      | Became a worshipper of Vehumet
  5096 | D:4      | Found a glowing golden altar of the Shining One.
  5684 | D:5      | Found a shadowy altar of Dithmenos.
  5909 | D:5      | Reached XP level 8. HP: 58/58 MP: 8/16
  6456 | D:5      | Found a bloodstained altar of Trog.
  7107 | D:6      | Noticed a two-headed ogre
  7108 | D:6      | Noticed shoop's ghost (novice VSFi)
  7133 | D:6      | Learned a level 3 spell: Ozocubu's Armour
  7235 | D:6      | Reached * piety under Vehumet
  7235 | D:6      | Offered knowledge of Freeze by Vehumet.
  7291 | D:6      | Found a runed translucent gate.
  7291 | D:6      | Found a runed translucent gate.
  7291 | D:6      | Found a runed translucent gate.
  7405 | D:6      | Noticed a boulder beetle
  7417 | D:6      | Killed a boulder beetle
  7418 | D:6      | Reached XP level 9. HP: 54/65 MP: 16/18
  7472 | D:6      | Learned a level 4 spell: Fulminant Prism
  7477 | D:6      | Learned a level 4 spell: Iskenderun's Mystic Blast
  7692 | D:6      | Found a sacrificial altar of Ru.
  7987 | D:7      | Found a blossoming altar of Fedhas.
  8016 | D:7      | Identified the +0 chain mail "Ozotial" {rF+}
  8365 | D:7      | Found a staircase to the Ecumenical Temple.
  8909 | D:7      | Reached skill level 5 in Invocations
  9248 | D:8      | Offered knowledge of Sandblast by Vehumet.
  9267 | D:8      | Reached ** piety under Vehumet
  9454 | D:8      | Found a staircase to the Lair.
 10110 | D:9      | Found a transporter.
 10111 | D:9      | Found a white marble altar of Elyvilon.
 10127 | D:9      | Found a transporter.
 10212 | D:9      | Reached skill level 5 in Fighting
 10212 | D:9      | Reached skill level 5 in Short Blades
 10212 | D:9      | Reached skill level 5 in Long Blades
 10212 | D:9      | Reached skill level 5 in Axes
 10212 | D:9      | Reached skill level 5 in Maces & Flails
 10212 | D:9      | Reached skill level 5 in Polearms
 10212 | D:9      | Reached skill level 5 in Staves
 10212 | D:9      | Reached skill level 5 in Ranged Weapons
 10212 | D:9      | Reached skill level 5 in Throwing
 10212 | D:9      | Reached skill level 5 in Armour
 10212 | D:9      | Reached skill level 5 in Shields
 10212 | D:9      | Reached skill level 5 in Unarmed Combat
 10212 | D:9      | Reached skill level 5 in Evocations
 10212 | D:9      | Reached XP level 10. HP: 68/74 MP: 16/20
 10273 | D:9      | Learned a level 3 spell: Mephitic Cloud
 10302 | D:9      | Identified the orb of Ratymeuc {light, Str+3 Dex+5 Slay+3}
 10342 | D:9      | Identified the +8 sling of Shrieking Terror {freeze,
                  | *Corrode rPois rC++ Will-}
 10431 | D:9      | Found a staircase to the Orcish Mines.
 10627 | D:9      | Offered knowledge of Inner Flame by Vehumet.
 10639 | D:9      | Reached skill level 5 in Shapeshifting
 10861 | D:9      | Found a basalt altar of Yredelemnul.
 10874 | D:9      | Identified the +1 leather armour of Vora {+Blink rElec
                  | rPois Will-}
 10890 | D:9      | Reached *** piety under Vehumet
 10988 | D:9      | Noticed a white ugly thing
 10989 | D:9      | Noticed a manticore
 10999 | D:9      | Noticed a boulder beetle
 11000 | D:9      | Killed a white ugly thing
 11000 | D:9      | Killed a manticore
 11001 | D:9      | Reached skill level 5 in Hexes
 11001 | D:9      | Reached skill level 5 in Summonings
 11001 | D:9      | Reached skill level 5 in Necromancy
 11001 | D:9      | Reached skill level 5 in Translocations
 11001 | D:9      | Reached skill level 5 in Fire Magic
 11001 | D:9      | Reached skill level 5 in Ice Magic
 11001 | D:9      | Reached skill level 5 in Air Magic
 11001 | D:9      | Reached skill level 5 in Earth Magic
 11001 | D:9      | Reached skill level 5 in Alchemy
 11001 | D:9      | Reached XP level 11. HP: 66/81 MP: 15/22
 11007 | D:9      | Noticed a cyclops
 11011 | D:9      | Killed a boulder beetle
 11011 | D:9      | Killed a cyclops
 11011 | D:9      | Offered knowledge of Sticky Flame by Vehumet.
 11018 | D:9      | Learned a level 4 spell: Sticky Flame
 11321 | D:10     | Entered Level 10 of the Dungeon
 11370 | D:10     | Found a hide-covered altar of Uskayaw.
 11406 | D:10     | Learned a level 4 spell: Olgreb's Toxic Radiance
 11787 | D:10     | Found a sparkling altar of Nemelex Xobeh.
 11861 | D:10     | Found Seyd's Distillery.
 11869 | D:10     | Bought a potion of brilliance for 44 gold pieces
 12068 | D:11     | Noticed a boulder beetle
 12079 | D:11     | Killed a boulder beetle
 12390 | D:11     | Noticed a boulder beetle
 12398 | D:11     | Killed a boulder beetle
 12608 | D:12     | Found Odghedef's Jewellery Boutique.
 12768 | Lair:1   | Entered Level 1 of the Lair of Beasts
 12987 | Lair:1   | Reached **** piety under Vehumet
 13062 | Lair:1   | Offered knowledge of Irradiate by Vehumet.
 13063 | Lair:1   | Reached XP level 12. HP: 75/91 MP: 19/24
 13118 | Lair:1   | Learned a level 5 spell: Irradiate
 13957 | Lair:2   | Noticed a boulder beetle
 13965 | Lair:2   | Killed a boulder beetle
 14018 | Lair:2   | Found an iron altar of Okawaru.
 14164 | Lair:2   | Identified the +2 short sword of Desperation {freeze,
                  | *Corrode MP-9 Dex+4 SInv}
 14360 | Lair:2   | Noticed a death yak
 14360 | Lair:2   | Noticed a death yak
 14361 | Lair:2   | Noticed a death yak
 14375 | Lair:2   | Killed a death yak
 14378 | Lair:2   | Killed a death yak
 14384 | Lair:2   | Killed a death yak
 14827 | Lair:3   | Noticed a death yak
 14828 | Lair:3   | Noticed a death yak
 14830 | Lair:3   | Reached ***** piety under Vehumet
 14830 | Lair:3   | Offered knowledge of Flame Wave by Vehumet.
 14830 | Lair:3   | Noticed a six-headed hydra
 14840 | Lair:2   | Killed a death yak
 15004 | Lair:3   | Reached XP level 13. HP: 98/98 MP: 26/26
 15118 | Lair:3   | Reached skill level 10 in Conjurations
 15130 | Lair:3   | Found a hole to the Spider Nest.
 15528 | Lair:3   | Reached skill level 10 in Spellcasting
 15589 | Lair:3   | Found a staircase to the Shoals.
 16105 | Lair:4   | Found a gate leading to a gauntlet.
 16119 | Gauntlet | Entered a Gauntlet
 16119 | Gauntlet | Found a transporter.
 16119 | Gauntlet | Found a transporter.
 16119 | Gauntlet | Found a transporter.
 16120 | Gauntlet | Found a transporter.
 16121 | Gauntlet | Found a transporter.
 16124 | Gauntlet | Found a transporter.
 16173 | Gauntlet | Found a transporter.
 16175 | Gauntlet | Found a transporter.
 16189 | Gauntlet | Found a transporter.
 16201 | Gauntlet | Found a transporter.
 16223 | Gauntlet | Found a transporter.
 16224 | Gauntlet | Found a transporter.
 16476 | Gauntlet | Reached skill level 10 in Dodging
 16607 | Gauntlet | Identified the +0 pair of boots of Exceptional Lucidity
                  | {rN+}
 16723 | Gauntlet | Noticed a minotaur
 16730 | Gauntlet | Killed a minotaur
 16841 | Gauntlet | Identified the +8 shadow dragon scales of Gawi {rPois
                  | Stlth++++}
 17353 | Lair:4   | Reached skill level 10 in Stealth
 18107 | Lair:5   | Entered Level 5 of the Lair of Beasts
 18123 | Lair:5   | Offered knowledge of Lee's Rapid Deconstruction by Vehumet.
 18210 | Lair:5   | Reached skill level 10 in Invocations
 18210 | Lair:5   | Reached XP level 14. HP: 101/108 MP: 28/28
 18493 | Lair:5   | Noticed Rupert
 18503 | Lair:5   | Killed Rupert
 18529 | Lair:5   | Noticed Sonja
 18530 | Lair:5   | Killed Sonja
 18713 | Lair:5   | Found a viscous altar of Jiyva.
 18713 | Lair:5   | Found a staircase to the Slime Pits.
 19139 | Lair:5   | Noticed Snorg
 19150 | Lair:5   | Killed Snorg
 19794 | Lair:5   | Noticed a dire elephant
 19814 | Lair:5   | Killed a dire elephant
 20380 | Orc:1    | Entered Level 1 of the Orcish Mines
 20707 | Orc:1    | Found a roughly hewn altar of Beogh.
 20878 | Orc:2    | Entered Level 2 of the Orcish Mines
 21382 | Orc:2    | Reached skill level 10 in Fighting
 21382 | Orc:2    | Reached skill level 10 in Short Blades
 21382 | Orc:2    | Reached skill level 10 in Long Blades
 21382 | Orc:2    | Reached skill level 10 in Axes
 21382 | Orc:2    | Reached skill level 10 in Maces & Flails
 21382 | Orc:2    | Reached skill level 10 in Polearms
 21382 | Orc:2    | Reached skill level 10 in Staves
 21382 | Orc:2    | Reached skill level 10 in Ranged Weapons
 21382 | Orc:2    | Reached skill level 10 in Throwing
 21382 | Orc:2    | Reached skill level 10 in Armour
 21382 | Orc:2    | Reached skill level 10 in Shields
 21382 | Orc:2    | Reached skill level 10 in Unarmed Combat
 21382 | Orc:2    | Reached skill level 10 in Evocations
 21653 | Orc:2    | Noticed an orc warlord
 21656 | Orc:2    | Reached XP level 15. HP: 106/115 MP: 29/30
 21663 | Orc:2    | Killed an orc warlord
 21710 | Orc:2    | Found Righaul's Armour Shop.
 21780 | Orc:2    | Found Deni's Magic Scroll Shoppe.
 21838 | Orc:2    | Found Daed's Armour Boutique.
 21900 | Orc:2    | Found Ryova's Distillery.
 21930 | Orc:2    | Found a roughly hewn altar of Beogh.
 21974 | Orc:2    | Found a staircase to the Elven Halls.
 21987 | Orc:2    | Found Ohedio's Weapon Shoppe.
 21987 | Orc:2    | Found Ugyvy's Antique Armour Shop.
 21989 | Orc:2    | Found Vani's Magic Scroll Boutique.
 21991 | Orc:2    | Found Biycih's Jewellery Emporium.
 22241 | Orc:2    | Bought a pitted robe for 142 gold pieces
 22241 | Orc:2    | Identified the +1 robe "Bes Geru" {Will+ Slay+2} (You
                  | bought it in a shop on level 2 of the Orcish Mines)
 22279 | Orc:2    | Bought a scroll of blinking for 105 gold pieces
 22279 | Orc:2    | Bought a scroll of identify for 28 gold pieces
 22279 | Orc:2    | Bought a scroll of identify for 28 gold pieces
 22703 | D:12     | Reached ****** piety under Vehumet
 22704 | D:12     | Noticed Frances
 22812 | D:12     | Killed Frances
 23110 | D:12     | Offered knowledge of Eringya's Noxious Bog by Vehumet.
 23401 | D:13     | Identified a scroll of acquirement
 23407 | D:13     | Identified the +5 ring mail "Teugief" {rC+ Int+2}
 23501 | D:13     | Found a gate to the Vaults.
 23603 | D:13     | Acquired 586 gold pieces
 24101 | D:13     | Noticed an orc warlord
 24171 | D:13     | Killed an orc warlord
 24636 | D:13     | Found a roughly hewn altar of Beogh.
 25722 | D:14     | Reached skill level 10 in Shapeshifting
 25982 | D:15     | Entered Level 15 of the Dungeon
 26385 | D:15     | Reached XP level 16. HP: 111/124 MP: 31/32
 26399 | D:15     | Offered knowledge of Bombard by Vehumet.
 26527 | D:15     | Learned a level 6 spell: Bombard
 26984 | D:15     | Found a staircase to the Depths.
 27039 | D:15     | Found a runed translucent gate.
 27040 | D:15     | Noticed Vyshex's ghost (journeyman MfGl)
 27041 | D:15     | Found a runed translucent gate.
 27041 | D:15     | Found a runed translucent gate.
 27369 | D:15     | Learned a level 2 spell: Sublimation of Blood
 27694 | D:15     | Killed Vyshex's ghost
 27883 | D:15     | Identified the +3 flail of Emiyvakh {elec, *Corrode
                  | ^Fragile rF+++ rC+}
 27894 | D:15     | Learned a level 4 spell: Ignite Poison
 28085 | D:6      | Killed shoop's ghost
 28293 | Orc:2    | Bought a scroll of amnesia for 56 gold pieces
 28467 | Spider:1 | Entered Level 1 of the Spider Nest
 28867 | Spider:1 | Found a glacial archway.
 28896 | IceCv    | Entered an ice cave
 29559 | IceCv    | Offered knowledge of Arcjolt by Vehumet.
 29732 | IceCv    | Learned a level 5 spell: Arcjolt
 30192 | IceCv    | Noticed a shard shrike
 30199 | IceCv    | Killed a shard shrike
 30200 | IceCv    | Reached XP level 17. HP: 68/133 MP: 33/33
 30903 | IceCv    | Identified the ring "Metehy" {rPois MP+9 Int+3}
 31738 | Spider:1 | Reached skill level 10 in Hexes
 31738 | Spider:1 | Reached skill level 10 in Summonings
 31738 | Spider:1 | Reached skill level 10 in Necromancy
 31738 | Spider:1 | Reached skill level 10 in Translocations
 31738 | Spider:1 | Reached skill level 10 in Fire Magic
 31738 | Spider:1 | Reached skill level 10 in Ice Magic
 31738 | Spider:1 | Reached skill level 10 in Air Magic
 31738 | Spider:1 | Reached skill level 10 in Earth Magic
 31738 | Spider:1 | Reached skill level 10 in Alchemy
 32779 | Spider:2 | Noticed Arachne
 33326 | Spider:2 | Noticed Donald
 33337 | Spider:2 | Killed Arachne
 33366 | Spider:2 | Killed Donald
 33663 | Spider:2 | Offered knowledge of Spellforged Servitor by Vehumet.
 34566 | Spider:3 | Noticed Nikola
 34574 | Spider:3 | Killed Nikola
 34665 | Spider:3 | Noticed Roxanne
 35329 | Spider:3 | Killed Roxanne
 35358 | Spider:4 | Entered Level 4 of the Spider Nest
 36185 | Spider:4 | Reached XP level 18. HP: 141/141 MP: 25/35
 36421 | Spider:4 | Offered knowledge of Lehudib's Crystal Spear by Vehumet.
 37320 | Spider:4 | Identified the orb "Ofamoc" {mayhem, Will++ Ice}
 37324 | Spider:4 | Got a gossamer rune of Zot
 37969 | Spider:4 | Identified the +2 great sword of Crusades {spect, *Rage
                  | rCorr Int+3 Stlth+}
 37976 | Spider:4 | Identified the +10 broad axe "Beetleslayer" {elec, Int+4}
 38090 | Spider:4 | Learned a level 8 spell: Lehudib's Crystal Spear
 38237 | Shoals:1 | Entered Level 1 of the Shoals
 38992 | Shoals:1 | Offered knowledge of Shatter by Vehumet.
 38992 | Shoals:1 | Offered knowledge of Chain Lightning by Vehumet.
 38992 | Shoals:1 | Offered knowledge of Ignition by Vehumet.
 40493 | Shoals:3 | Noticed Jorgrun
 40501 | Shoals:3 | Killed Jorgrun
 40878 | Shoals:3 | Noticed Ilsuiw
 40889 | Shoals:3 | Killed Ilsuiw
 41191 | Shoals:4 | Entered Level 4 of the Shoals
 41272 | Shoals:4 | Reached XP level 19. HP: 143/149 MP: 18/37
 41507 | Shoals:4 | Identified the +6 sling "Murmur" {drain, ^Fragile rN+++
                  | Will++ Dex+3}
 42132 | Shoals:4 | Got a barnacled rune of Zot
 42230 | Shoals:4 | Found a runed translucent gate.
 42230 | Shoals:4 | Found a runed translucent gate.
 42230 | Shoals:4 | Found a runed translucent gate.
 42231 | Shoals:4 | Found an opulent altar of Gozag.
 42231 | Shoals:4 | Noticed Stellion's ghost (adept HuFi)
 42232 | Shoals:4 | Found Ricah's Assorted Antiques.
 42303 | Shoals:4 | Identified the +9 spear of the Sharing Gods {heavy, Will+
                  | Int+3}
 42755 | Shoals:4 | Identified the +3 scale mail of Eternity {^Contam rF+ MP+9
                  | Dex+3}
 43241 | Shoals:4 | Killed Stellion's ghost
 43783 | Elf:1    | Entered Level 1 of the Elven Halls
 44581 | Elf:1    | Noticed Louise
 44587 | Elf:1    | Killed Louise
 45063 | Elf:1    | Reached skill level 15 in Invocations
 45249 | Elf:1    | Noticed ForkInBrain's ghost (adept MDFi)
 45280 | Elf:1    | Found a bloodstained altar of Trog.
 45287 | Elf:1    | Found a transporter.
 45290 | Elf:1    | Found a transporter.
 45853 | Elf:1    | Found a stormy altar of Qazlal.
 46077 | Elf:2    | Reached XP level 20. HP: 158/158 MP: 25/38
 46634 | Elf:2    | Found a huge runed translucent gate.
 46634 | Elf:2    | Found a huge runed translucent gate.
 46634 | Elf:2    | Found a huge runed translucent gate.
 46634 | Elf:2    | Found a huge runed translucent gate.
 46635 | Elf:2    | Found a huge runed translucent gate.
 47149 | Elf:3    | Entered Level 3 of the Elven Halls
 47923 | Elf:3    | Reached skill level 15 in Spellcasting
 48013 | Elf:3    | Identified the amulet of Usofryce {Faith +Blink SInv}
 48527 | Elf:3    | Reached skill level 15 in Dodging
 48691 | Elf:3    | Gained mutation: Your body sometimes deteriorates upon
                  | taking damage. [a neqoxec]
 49430 | Elf:3    | Identified the staff "Dragonbane" {Str+3 Int+2 SInv Earth}
 49523 | Elf:3    | Identified the staff of Ijaurr {rElec rPois Will++ Int-2
                  | Conj}
 49576 | Elf:3    | Identified the +2 robe "Teagh" {Int+2}
 49963 | Vaults:1 | Entered Level 1 of the Vaults
 49981 | Vaults:1 | Found Bitar's Antique Armour Boutique.
 50000 | Vaults:1 | Reached skill level 15 in Stealth
 50100 | Vaults:1 | Found Bapninock's Antique Armour Shoppe.
 50107 | Vaults:1 | Bought a brightly glowing robe for 210 gold pieces
 50107 | Vaults:1 | Identified the +2 robe "Isahitheoge" {rF+ rN+} (You bought
                  | it in a shop on level 1 of the Vaults)
 50120 | Vaults:1 | Found Vain's Antique Armour Emporium.
 50178 | Vaults:1 | Reached skill level 15 in Armour
 50607 | Vaults:1 | Found Sudeh's Assorted Antiques.
 50624 | Vaults:1 | Bought a spiked helmet for 323 gold pieces
 50624 | Vaults:1 | Identified the +0 helmet of a sewer {Harm rElec rN+} (You
                  | bought it in a shop on level 1 of the Vaults)
 50672 | Vaults:1 | Found Leirr's Book Shoppe.
 51059 | Vaults:1 | Reached XP level 21. HP: 61/166 MP: 5/40
 51399 | Vaults:1 | Lost mutation: Your body sometimes deteriorates upon taking
                  | damage. [potion of mutation]
 51399 | Vaults:1 | Gained mutation: Armour fits poorly on your strangely
                  | shaped body. [potion of mutation]
 51399 | Vaults:1 | Gained mutation: Your flesh is cold resistant. (rC+)
                  | [potion of mutation]
 51399 | Vaults:1 | Gained mutation: Your system is resistant to poisons.
                  | (rPois) [potion of mutation]
 51400 | Vaults:1 | Lost mutation: Armour fits poorly on your strangely shaped
                  | body. [potion of mutation]
 51400 | Vaults:1 | Lost mutation: Your flesh is cold resistant. (rC+) [potion
                  | of mutation]
 51400 | Vaults:1 | Lost mutation: Your system is resistant to poisons. (rPois)
                  | [potion of mutation]
 51400 | Vaults:1 | Gained mutation: You are dopey. (Int -2) [potion of
                  | mutation]
 51400 | Vaults:1 | Gained mutation: Your system is resistant to poisons.
                  | (rPois) [potion of mutation]
 51400 | Vaults:1 | Gained mutation: You are robust. (+10% HP) [potion of
                  | mutation]
 51936 | Vaults:2 | Identified the amulet "Vunkerhy" {Reflect +Blink rPois
                  | SH+5}
 51942 | Vaults:2 | Identified the +4 war axe of Slime {drain, *Slow Fly rPois
                  | Dex+5}
 52361 | Vaults:2 | Identified the +6 great mace of Truth {venom, *Rage rElec
                  | SInv Stlth+}
 53035 | Vaults:2 | Found a transporter.
 53035 | Vaults:2 | Noticed a dread lich
 53048 | Vaults:2 | Found a transporter.
 53759 | Vaults:3 | Found a staircase to the Crypt.
 54273 | Vaults:3 | Reached skill level 15 in Fighting
 54273 | Vaults:3 | Reached skill level 15 in Short Blades
 54273 | Vaults:3 | Reached skill level 15 in Long Blades
 54273 | Vaults:3 | Reached skill level 15 in Axes
 54273 | Vaults:3 | Reached skill level 15 in Maces & Flails
 54273 | Vaults:3 | Reached skill level 15 in Polearms
 54273 | Vaults:3 | Reached skill level 15 in Staves
 54273 | Vaults:3 | Reached skill level 15 in Ranged Weapons
 54273 | Vaults:3 | Reached skill level 15 in Throwing
 54273 | Vaults:3 | Reached skill level 15 in Shields
 54273 | Vaults:3 | Reached skill level 15 in Unarmed Combat
 54273 | Vaults:3 | Reached skill level 15 in Evocations
 55235 | Vaults:3 | Identified the orb of Roveh {light, rF+ rC+ Int+5}
 55235 | Vaults:3 | Noticed Frederick
 55241 | Vaults:3 | Killed Frederick
 56039 | Vaults:3 | Found a runed translucent door.
 56039 | Vaults:3 | Noticed Konionua's ghost (adept KoEn)
 56130 | Vaults:4 | Found Ejeipsow's Assorted Antiques.
 56147 | Vaults:4 | Reached XP level 22. HP: 192/192 MP: 23/42
 57199 | Vaults:4 | Identified the +0 robe of Muttered Phrases {-Cast rElec
                  | rPois Str+2}
 57660 | Vaults:4 | Found Mehepam's Assorted Antiques.
 57670 | Vaults:4 | Bought a pair of embroidered boots for 322 gold pieces
 57941 | Vaults:4 | Learned a level 8 spell: Ignition
 57972 | Vaults:5 | Entered Level 5 of the Vaults
 57977 | Vaults:5 | Reached skill level 15 in Conjurations
 57977 | Vaults:5 | Noticed a golden dragon
 57988 | Vaults:5 | Killed from afar by a titan

Illustrated notes

Levels and vault maps discovered:
D:1:      minmay_arrival_hallway, layout_loops_corners, serial_shops, shop,
          minmay_vboxes
D:2:      layout_basic, ebering_ecumenical_altar_webs, minmay_close_crescents
D:3:      layout_rooms, serial_shops, shop, shop, nicolae_shop_tiny_glass,
          nicolae_shop_competitors_out_of_business, gup_sewer_entry_pipe
D:4:      layout_rooms, mainiacjoe_overflow_tiny_flanked,
          mainiacjoe_overflow_alcove_4, minmay_unequal
D:5:      minmay_recursive_quarters, layout_basic, grunt_dithmenos_shadows,
          nicolae_overflow_crystal_walls, chequers_hall_statues_wall_a
D:6:      layout_basic, mainiacjoe_overflow_small_starburst,
          gammafunk_ghost_split
D:7:      layout_loops_corners, mainiacjoe_overflow_24_doors,
          minmay_temple_entry_wispy
D:8:      layout_loops_ring, dpeg_oklobed_lair
D:9:      minmay_blocky_corners, layout_basic, nicolae_yredelemnul_corpse_copse,
          elyvilon_altar_4
D:10:     layout_loops_ring, amcnicky_altar_gilded,
          mainiacjoe_overflow_concentric_impassable, serial_shops, shop_statue,
          serial_glass, glass_columns_c, glass_columns_a, item_on_display_a
D:11:     layout_roguey
D:12:     layout_cave_pools, serial_shops, nicolae_shop_window_shopping,
          uniq_frances
D:13:     layout_basic, skrybe_vaults_entry_preservation,
          lightli_church_of_beogh
D:14:     layout_basic, chequers_serial_rivers_micro_a
D:15:     hangedman_depths_entry_civil_slaughter, layout_irregular_city,
          gammafunk_ghost_split, minmay_misc_feat_alley
Lair:1:   layout_roguey
Lair:2:   layout_gridlike, basic_altar, nicolae_quartered_pool_impasse,
          infiniplex_staircase_pool_2
Lair:3:   layout_loops_ring, minmay_shoals_entry_beasts,
          nicolae_spider_entry_non_spiders, lemuel_old_faithful
Lair:4:   layout_small_grid, gauntlet_entry_generic
Lair:5:   grunt_lair_end_beastmaster, layout_loops_ring,
          minmay_slime_entry_pillars, grunt_megastairs_2, uniq_sonja,
          uniq_snorg, uniq_rupert
Shoals:1: layout_shoals, nicolae_shoals_goliath_grotto
Shoals:2: layout_shoals, argonaut_gorgonesque
Shoals:3: layout_shoals, uniq_jorgrun, uniq_ilsuiw
Shoals:4: shoals_end_hangedman, layout_shoals, ebering_ghost_gozag,
          nicolae_shoals_water_booths
Spider:1: layout_spider_delve, portal_ice_cave_entry_pillars_three
Spider:2: layout_spider_delve, nicolae_looking_at_the_future, uniq_arachne,
          uniq_donald
Spider:3: layout_cave_pods, uniq_roxanne, uniq_nikola
Spider:4: floodkiller_spider_rune_tomb
Orc:1:    layout_caves, statue_in_the_mist_lemuel, minmay_orc_temple_b
Orc:2:    st_orc_rangers, layout_caves, basic_altar, serial_shops, shop,
          nicolae_shop_tiny_waterfront, nicolae_shop_industrial_runoff,
          nicolae_diamond_shop
Elf:1:    layout_onion_city, gammafunk_ghost_wrathful_warriors,
          nicolae_elf_altarnating, uniq_louise
Elf:2:    elven_hall_of_blades_hangedman_alternative
          [infiniplex_blade_entry_pillars], layout_onion_city,
          serial_library_hellmonk_filled_rooms,
          nicolae_elf_glass_and_crystal_pillar_2
Elf:3:    grunt_elf_hall_branching, layout_loops_corners, grunt_megastairs_1
Vaults:1: nicolae_vaults_specimen_jars, nicolae_vaults_three_branches,
          nicolae_vaults_tetromino_L_1, vaults_room_grunt_arrival_ludios,
          layout_vaults_omnigrid, serial_shops,
          nicolae_shop_temple_entry_statues_fountains,
          nicolae_shop_behind_doors, shop, nicolae_shop_real_fake_doors,
          nicolae_shop_mannequins
Vaults:2: vaults_room_pools, nicolae_vaults_network_periphery,
          nicolae_vaults_trapezoid_lopsided_3, grunt_vaults_hallway_short,
          nicolae_vaults_spaceships, nicolae_vaults_weapon_check, v_misc_9,
          gammafunk_sealed_arena, nicolae_vaults_variable_pillar_hall,
          vaults_mumra_hex, v_alt_pattern_3, v_misc_12,
          nicolae_vaults_trapezoid_lopsided_2, nicolae_vaults_circle_grid_a,
          ontoclasm_vaults_gateway, layout_vaults_maze_bifur
Vaults:3: gammafunk_ghost_grave, nicolae_vaults_circle_grid_a,
          serial_library_hellmonk_open_square, nicolae_vaults_closet_pinwheel_6,
          minmay_crypt_entry_simple_statues,
          nicolae_vaults_trapezoid_lopsided_4, grunt_vaults_twisty, v_misc_2,
          vaults_standard_mumra_enter_the_diamond, nicolae_vaults_stand_back,
          layout_vaults_ring, uniq_frederick
Vaults:4: hangedman_vaults_stream, ontoclasm_vaults_pinch, v_misc_22,
          nicolae_vaults_closet_pinwheel_5, v_pattern_4, nicolae_vaults_theta,
          nicolae_vaults_heist, vaults_room_corners,
          nicolae_vaults_storage_closets_1, v_misc_22, nicolae_vaults_two_Ls,
          nicolae_vaults_trapezoid_lopsided_2, nicolae_vaults_little_ls,
          vaults_room_semicircle, ontoclasm_vaults_loading_screen,
          layout_vaults_omnibox, serial_shops, nicolae_shop_just_a_little_nook,
          shop_statue
Vaults:5

Skill      XL: |  1  2  3  4  5  6  7  8  9 10 11 12 13 14 15 16 17 18 19 20 21 22 |
---------------+-------------------------------------------------------------------+-----
Spellcasting   | 5 6 7 8 9 10 11 12 13 14 15 16 | 16.4
Invocations    | 1 2 3 4 5 6 7 8 10 11 12 13 14 15 16 17 | 17.1
Fighting       | 1 2 3 4 5 6 7 8 9 10 11 12 13 14 15 | 15.7
Short Blades   | 1 2 3 4 5 6 7 8 9 10 11 12 13 14 15 | 15.7
Long Blades    | 1 2 3 4 5 6 7 8 9 10 11 12 13 14 15 | 15.7
Axes           | 1 2 3 4 5 6 7 8 9 10 11 12 13 14 15 | 15.7
Maces & Flails | 1 2 3 4 5 6 7 8 9 10 11 12 13 14 15 | 15.7
Polearms       | 1 2 3 4 5 6 7 8 9 10 11 12 13 14 15 | 15.7
Staves         | 1 2 3 4 5 6 7 8 9 10 11 12 13 14 15 | 15.7
Ranged Weapons | 1 2 3 4 5 6 7 8 9 10 11 12 13 14 15 | 15.7
Throwing       | 1 2 3 4 5 6 7 8 9 10 11 12 13 14 15 | 15.7
Armour         | 1 2 3 4 5 6 7 8 9 10 11 12 13 15 16 17 | 17.4
Shields        | 1 2 3 4 5 6 7 8 9 10 11 12 13 14 15 16 | 16.2
Unarmed Combat | 1 2 3 4 5 6 7 8 9 10 11 12 13 14 15 | 15.7
Evocations     | 1 2 3 4 5 6 7 8 9 10 11 12 13 14 15 | 15.7
Shapeshifting  | 1 2 3 4 5 6 7 8 9 10 11 12 13 14 | 14.5
Hexes          | 1 2 3 4 5 6 7 8 9 10 11 12 13 | 13.4
Summonings     | 1 2 3 4 5 6 7 8 9 10 11 12 13 | 13.4
Necromancy     | 1 2 3 4 5 6 7 8 9 10 11 12 13 | 13.4
Translocations | 1 2 3 4 5 6 7 8 9 10 11 12 13 | 13.4
Fire Magic     | 1 2 3 4 5 6 7 8 9 10 11 12 13 | 13.4
Ice Magic      | 1 2 3 4 5 6 7 8 9 10 11 12 13 | 13.4
Air Magic      | 1 2 3 4 5 6 7 8 9 10 11 12 13 | 13.4
Earth Magic    | 1 2 3 4 5 6 7 8 9 10 11 12 13 | 13.4
Alchemy        | 1 2 3 4 5 6 7 8 9 10 11 12 13 | 13.4
Dodging        | 5 6 7 8 9 10 11 12 13 14 15 16 | 16.3
Stealth        | 5 6 7 8 9 10 11 12 13 14 15 16 | 16.2
Conjurations   | 8 9 10 11 12 13 14 15 | 15.0

Action                     |  1- 3 |  4- 6 |  7- 9 | 10-12 | 13-15 | 16-18 | 19-21 | 22-24 || total
---------------------------+-------+-------+-------+-------+-------+-------+-------+-------++-------
  Melee: Long sword        |       |    13 |    22 |       |       |       |       |       ||    35
         Bite              |       |     1 |     8 |       |     2 |     3 |    11 |     5 ||    30
         Short sword       |       |       |    29 |     3 |       |       |       |       ||    32
         Hand axe          |       |       |     5 |       |       |       |       |       ||     5
         Staff             |       |       |       |       |    17 |       |    48 |    17 ||    82
         Sling             |       |       |       |       |       |     3 |       |       ||     3
         Broad axe         |       |       |       |       |       |     8 |       |       ||     8
         Spear             |       |       |       |       |       |       |    16 |       ||    16
   Fire: Sling             |       |       |       |   286 |   499 |   634 |       |       ||  1419
  Throw: Dart              |       |       |     3 |     2 |     2 |     2 |       |       ||     9
   Cast: Magic Dart        |    56 |    52 |   148 |     4 |       |    11 |       |       ||   271
         Searing Ray       |     4 |    16 |    67 |     9 |       |       |       |       ||    96
         Ozocubu's Armour  |       |       |    11 |    23 |    36 |     8 |       |       ||    78
         Fulminant Prism   |       |       |     5 |     4 |    65 |       |       |       ||    74
         Mephitic Cloud    |       |       |       |     2 |       |       |       |       ||     2
         Sticky Flame      |       |       |       |    21 |    52 |    28 |     1 |       ||   102
         Olgreb's Toxic Ra |       |       |       |    23 |   112 |   176 |    89 |     7 ||   407
         Iskenderun's Myst |       |       |       |    13 |    80 |    92 |    64 |    31 ||   280
         Irradiate         |       |       |       |       |     8 |    23 |     4 |       ||    35
         Ignite Poison     |       |       |       |       |       |   101 |    61 |     6 ||   168
         Bombard           |       |       |       |       |       |   131 |   461 |    44 ||   636
         Arcjolt           |       |       |       |       |       |    21 |    49 |     4 ||    74
         Sublimation of Bl |       |       |       |       |       |     2 |       |       ||     2
         Ignition          |       |       |       |       |       |       |       |     8 ||     8
  Evoke: Wand              |       |       |     3 |     1 |       |       |       |     1 ||     5
         Phial of floods   |       |       |       |       |     1 |     2 |     1 |       ||     4
         Box of beasts     |       |       |       |       |     1 |       |     1 |       ||     2
         Phantom mirror    |       |       |       |       |       |       |     1 |       ||     1
    Use: Scroll            |       |     7 |     3 |    15 |    10 |     4 |     4 |       ||    43
         Potion            |       |       |       |     4 |       |     6 |     8 |       ||    18
   Stab: Confused          |       |       |       |     2 |       |       |       |       ||     2
 Armour: Robe              |     2 |     2 |    34 |   144 |   264 |    78 |    94 |       ||   618
         Leather armour    |       |     4 |    25 |       |       |       |       |       ||    29
         Skin              |       |       |     2 |       |       |       |       |       ||     2
         Ring mail         |       |       |       |       |       |   289 |   163 |    70 ||   522
  Dodge: Dodged            |     3 |     6 |    53 |   151 |   288 |   466 |   246 |    65 ||  1278
  Block: Buckler           |       |       |    33 |     1 |       |       |       |       ||    34

Table legend: (Time is in decaauts)
 A = Elapsed time spent in this place.
 B = Non-inter-level travel time spent in this place.
 C = Inter-level travel time spent in this place.
 D = Time resting spent in this place.
 E = Time spent auto-exploring this place.
 F = Levels seen in this place.
 G = Mean time per level.
                   A        B        C        D        E       F      G
               +--------+--------+--------+--------+--------+-----+--------+
         Total |  58500 |  55396 |   3104 |  21470 |  23309 |  41 | 1426.8 |
       Dungeon |  17421 |  16114 |   1307 |   5313 |   7750 |  15 | 1161.4 |
          Lair |   6953 |   6492 |    461 |   2314 |   3124 |   5 | 1390.6 |
        Shoals |   5745 |   5458 |    287 |   2121 |   2416 |   4 | 1436.2 |
   Spider Nest |   7495 |   7145 |    350 |   3387 |   2092 |   4 | 1873.8 |
  Orcish Mines |   2284 |   2029 |    255 |    850 |    841 |   2 | 1142.0 |
   Elven Halls |   6048 |   5743 |    305 |   2177 |   2404 |   3 | 2016.0 |
        Vaults |   8005 |   7869 |    136 |   2928 |   3804 |   5 | 1601.0 |
         Sewer |   1569 |   1569 |      0 |    639 |    503 |   1 | 1569.0 |
      Ice Cave |   2235 |   2235 |      0 |   1420 |    318 |   1 | 2235.0 |
      Gauntlet |    743 |    743 |      0 |    318 |     56 |   1 |  743.0 |
               +--------+--------+--------+--------+--------+-----+--------+

Top non-repeatable levels by time:
Spider:4: 2751 daAuts
Vaults:3: 2677 daAuts
Spider:1: 2673 daAuts
   Elf:3: 2589 daAuts
   Elf:1: 2316 daAuts
   IceCv: 2235 daAuts
  Lair:5: 2064 daAuts
Shoals:4: 2006 daAuts
Vaults:1: 1878 daAuts
Vaults:2: 1852 daAuts
    D:15: 1590 daAuts
Vaults:4: 1580 daAuts
   Sewer: 1569 daAuts
     D:9: 1543 daAuts
    D:13: 1515 daAuts

Action                     |  1- 3 |  4- 6 |  7- 9 | 10-12 | 13-15 | 16-18 | 19-21 | 22-24 || total
---------------------------+-------+-------+-------+-------+-------+-------+-------+-------++-------
  Melee: Long sword        |       |    13 |    22 |       |       |       |       |       ||    35
         Bite              |       |     1 |     8 |       |     2 |     3 |    11 |     5 ||    30
         Short sword       |       |       |    29 |     3 |       |       |       |       ||    32
         Hand axe          |       |       |     5 |       |       |       |       |       ||     5
         Staff             |       |       |       |       |    17 |       |    48 |    17 ||    82
         Sling             |       |       |       |       |       |     3 |       |       ||     3
         Broad axe         |       |       |       |       |       |     8 |       |       ||     8
         Spear             |       |       |       |       |       |       |    16 |       ||    16
   Fire: Sling             |       |       |       |   286 |   499 |   634 |       |       ||  1419
  Throw: Dart              |       |       |     3 |     2 |     2 |     2 |       |       ||     9
   Cast: Magic Dart        |    56 |    52 |   148 |     4 |       |    11 |       |       ||   271
         Searing Ray       |     4 |    16 |    67 |     9 |       |       |       |       ||    96
         Ozocubu's Armour  |       |       |    11 |    23 |    36 |     8 |       |       ||    78
         Fulminant Prism   |       |       |     5 |     4 |    65 |       |       |       ||    74
         Mephitic Cloud    |       |       |       |     2 |       |       |       |       ||     2
         Sticky Flame      |       |       |       |    21 |    52 |    28 |     1 |       ||   102
         Olgreb's Toxic Ra |       |       |       |    23 |   112 |   176 |    89 |     7 ||   407
         Iskenderun's Myst |       |       |       |    13 |    80 |    92 |    64 |    31 ||   280
         Irradiate         |       |       |       |       |     8 |    23 |     4 |       ||    35
         Ignite Poison     |       |       |       |       |       |   101 |    61 |     6 ||   168
         Bombard           |       |       |       |       |       |   131 |   461 |    44 ||   636
         Arcjolt           |       |       |       |       |       |    21 |    49 |     4 ||    74
         Sublimation of Bl |       |       |       |       |       |     2 |       |       ||     2
         Ignition          |       |       |       |       |       |       |       |     8 ||     8
  Evoke: Wand              |       |       |     3 |     1 |       |       |       |     1 ||     5
         Phial of floods   |       |       |       |       |     1 |     2 |     1 |       ||     4
         Box of beasts     |       |       |       |       |     1 |       |     1 |       ||     2
         Phantom mirror    |       |       |       |       |       |       |     1 |       ||     1
    Use: Scroll            |       |     7 |     3 |    15 |    10 |     4 |     4 |       ||    43
         Potion            |       |       |       |     4 |       |     6 |     8 |       ||    18
   Stab: Confused          |       |       |       |     2 |       |       |       |       ||     2
 Armour: Robe              |     2 |     2 |    34 |   144 |   264 |    78 |    94 |       ||   618
         Leather armour    |       |     4 |    25 |       |       |       |       |       ||    29
         Skin              |       |       |     2 |       |       |       |       |       ||     2
         Ring mail         |       |       |       |       |       |   289 |   163 |    70 ||   522
  Dodge: Dodged            |     3 |     6 |    53 |   151 |   288 |   466 |   246 |    65 ||  1278
  Block: Buckler           |       |       |    33 |     1 |       |       |       |       ||    34

Table legend: (Time is in decaauts)
 A = Elapsed time spent in this place.
 B = Non-inter-level travel time spent in this place.
 C = Inter-level travel time spent in this place.
 D = Time resting spent in this place.
 E = Time spent auto-exploring this place.
 F = Levels seen in this place.
 G = Mean time per level.
                   A        B        C        D        E       F      G
               +--------+--------+--------+--------+--------+-----+--------+
         Total |  58500 |  55396 |   3104 |  21470 |  23309 |  41 | 1426.8 |
       Dungeon |  17421 |  16114 |   1307 |   5313 |   7750 |  15 | 1161.4 |
          Lair |   6953 |   6492 |    461 |   2314 |   3124 |   5 | 1390.6 |
        Shoals |   5745 |   5458 |    287 |   2121 |   2416 |   4 | 1436.2 |
   Spider Nest |   7495 |   7145 |    350 |   3387 |   2092 |   4 | 1873.8 |
  Orcish Mines |   2284 |   2029 |    255 |    850 |    841 |   2 | 1142.0 |
   Elven Halls |   6048 |   5743 |    305 |   2177 |   2404 |   3 | 2016.0 |
        Vaults |   8005 |   7869 |    136 |   2928 |   3804 |   5 | 1601.0 |
         Sewer |   1569 |   1569 |      0 |    639 |    503 |   1 | 1569.0 |
      Ice Cave |   2235 |   2235 |      0 |   1420 |    318 |   1 | 2235.0 |
      Gauntlet |    743 |    743 |      0 |    318 |     56 |   1 |  743.0 |
               +--------+--------+--------+--------+--------+-----+--------+

Top non-repeatable levels by time:
Spider:4: 2751 daAuts
Vaults:3: 2677 daAuts
Spider:1: 2673 daAuts
   Elf:3: 2589 daAuts
   Elf:1: 2316 daAuts
   IceCv: 2235 daAuts
  Lair:5: 2064 daAuts
Shoals:4: 2006 daAuts
Vaults:1: 1878 daAuts
Vaults:2: 1852 daAuts
    D:15: 1590 daAuts
Vaults:4: 1580 daAuts
   Sewer: 1569 daAuts
     D:9: 1543 daAuts
    D:13: 1515 daAuts
